 Dungeon Crawl Stone Soup version 0.27-a0-652-g2d5cf1dcd3 (webtiles) character file.

Game seed: 9349070104029134017

13433 Allula97 the Cruncher (level 11, -1/84 HPs)
             Began as a Demonspawn Gladiator on Mar 16, 2021.
             Was a High Priest of Okawaru.
             Slain by an ice devil (6 damage)
             ... summoned by Frances
             ... on level 13 of the Dungeon.
             The game lasted 00:32:42 (9139 turns).

Allula97 the Cruncher (Demonspawn Gladiator)        Turns: 9139, Time: 00:32:43

Health: -1/84      AC: 21    Str: 23    XL:     11   Next: 75%
Magic:  10/16      EV: 15    Int: 11    God:    Okawaru [*****.]
Gold:   439        SH:  0    Dex: 20    Spells: 13/13 levels left

rFire    . . .     SeeInvis .   v - +4 quarterstaff (chaos)
rCold    + + .     Faith    .   (shield currently unavailable)
rNeg     + . .     Spirit   .   D - +3 chain mail {rF+}
rPois    .         Reflect  .   (helmet restricted)
rElec    .         Harm     .   u - +0 cloak
rCorr    .         Rampage  .   t - +1 pair of gloves
Will     .....                  (no boots)
Stlth    +++.......             i - amulet of regeneration
HPRegen  1.24/turn              y - +6 ring of strength
MPRegen  0.15/turn              d - ring of Udorum {rF- rC++ rN+ Dex+6 Stlth+}

@: heroic, finesse-ful, studying Short Blades
A: horns 1, ignite blood 1, powered by death 1, sharp scales 2
a: Renounce Religion, Heroism, Finesse


You were on level 13 of the Dungeon.
You worshipped Okawaru.
Okawaru was extremely pleased with you.
You visited 2 branches of the dungeon, and saw 14 of its levels.

You collected 653 gold pieces.
You spent 214 gold pieces at shops.

Inventory:

Hand Weapons
 o - the +5 bardiche of the Dragonfly {antimagic, rN+ Int+5}
   (Okawaru gifted it to you on level 11 of the Dungeon)

   It reduces the magical energy of the wielder, and disrupts the spells and
   magical abilities of those hit.
   Natural abilities and divine invocations are not affected.
   It affects your intelligence (+5).
   It protects you from negative energy.
 v - a +4 quarterstaff of chaos (weapon)
Missiles
 k - a curare-tipped dart
 m - 2 throwing nets (quivered)
Armour
 t - a +1 pair of gloves (worn)
 u - a +0 cloak (worn)
 D - a +3 chain mail of fire resistance (worn)
 K - a +2 kite shield
Jewellery
 b - a +4 ring of evasion
 d - the ring of Udorum (left hand) {rF- rC++ rN+ Dex+6 Stlth+}
   (You acquired it on level 10 of the Dungeon)

   [ring of dexterity]

   It affects your dexterity (+6).
   It makes you vulnerable to fire.
   It greatly protects you from cold.
   It protects you from negative energy.
   It makes you more stealthy.
 i - an amulet of regeneration (around neck)
 y - a +6 ring of strength (right hand)
 H - a ring of see invisible
Wands
 h - a wand of mindburst (38)
 x - a wand of digging (3)
 I - a wand of flame (17)
Scrolls
 c - 3 scrolls of immolation
 e - 7 scrolls of teleportation
 j - 2 scrolls of enchant weapon
 n - 2 scrolls of magic mapping
 r - 2 scrolls of noise
 w - 3 scrolls of blinking
 C - a scroll of fog
 E - a scroll of fear
 F - 3 scrolls of amnesia
Potions
 a - a potion of berserk rage
 f - a potion of haste {unknown}
 g - a potion of brilliance {unknown}
 p - 2 potions of resistance
 q - 3 potions of curing
 s - 3 potions of mutation {unknown}
 z - 3 potions of attraction
 A - 2 potions of lignification
 B - a potion of heal wounds
 J - a potion of cancellation
Miscellaneous
 G - a condenser vane (inert)


   Skills:
 * Level 7.5(12.5) Fighting
 * Level 4.9(9.9) Short Blades
 * Level 11.2(16.2) Staves
 - Level 1.7(6.7) Throwing
 * Level 6.6(11.6) Armour
 * Level 6.0(11.0) Dodging
 * Level 5.6(10.6) Stealth
 + Level 1.6 Spellcasting
 * Level 6.8 Invocations
 + Level 0.2 Evocations


You had 13 spell levels left.
You didn't know any spells.
Your spell library contained the following spells:

 Spells                   Type           Power      Damage    Failure   Level
 Animate Skeleton         Necr           0%         N/A       85%         1
 Apportation              Tloc           0%         N/A       85%         1
 Corona                   Hex            0%         N/A       85%         1
 Freeze                   Ice            0%         1d3       85%         1
 Summon Small Mammal      Summ           0%         N/A       85%         1
 Call Imp                 Summ           0%         N/A       94%         2
 Call Canine Familiar     Summ           0%         N/A       99%         3
 Frozen Ramparts          Ice            0%         1d2       99%         3
 Ozocubu's Armour         Ice            0%         N/A       99%         3
 Summon Guardian Golem    Hex/Summ       0%         N/A       99%         3
 Hailstorm                Conj/Ice       0%         3d3       100%        4
 Summon Ice Beast         Ice/Summ       0%         N/A       100%        4
 Summon Lightning Spire   Summ/Air       0%         N/A       100%        4


Dungeon Overview and Level Annotations

Branches:
Dungeon (12/15)            Temple (1/1) D:4            Lair (0/6) D:11
    Orc (0/2) D:11

Altars:
Ashenzari
Cheibriados
Dithmenos
Elyvilon
Fedhas
Gozag
Hepliaklqana
Kikubaaqudgha
Makhleb
Nemelex Xobeh
Okawaru
Qazlal
Ru
Sif Muna
Trog
Uskayaw
Vehumet
Wu Jian
Xom
Yredelemnul
Zin
The Shining One
Beogh

Shops:
D:5 [   D:11 [

Annotations:
D:13 Frances


Innate Abilities, Weirdness & Mutations

You have a pair of small horns on your head.
Your demonic aura sometimes causes spilled blood to erupt in flames You regenerate a little health from kills.
You are mostly covered in razor-sharp scales. (AC +2, Slay +2)


Message History

The shard of ice hits you!!! You partially resist.
You hit Frances.
Frances is poisoned.
You headbutt Frances.
Frances is lightly wounded.
Frances whispers indecipherable words.
You hit Frances.
Frances is lightly wounded.
You hit Frances. You drain Frances. You headbutt Frances.
Frances is lightly wounded.
You sock Frances! You freeze Frances. You headbutt Frances, but do no damage.
Frances is moderately wounded.
Frances hits you with a +0 glaive!
You hit Frances.
Frances's magic leaks into the air.
You headbutt Frances!
Frances is moderately wounded.
The ice devil misses you.
You thump Frances! You freeze Frances. Your headbutt misses Frances.
Frances is moderately wounded.
You closely miss Frances. Your headbutt misses Frances.
Frances is moderately wounded.
Frances says, "Warriors are made for war and combat.
Do you call yourself a warrior?" Frances hits you with a +0 glaive!
* * * LOW HITPOINT WARNING * * *
You hit Frances. You headbutt Frances, but do no damage.
Frances is heavily wounded.
The ice devil closely misses you.
You thump Frances!
Frances is heavily wounded.
Your chain mail prevents you from hitting Frances.
Your headbutt misses Frances.
Frances is heavily wounded.
You closely miss Frances. You headbutt Frances, but do no damage.
Frances is heavily wounded.
Frances speaks in an indecipherable language.
Frances barely misses you. The sixfirhy hits you.
* * * LOW HITPOINT WARNING * * *
The sixfirhy shocks you!
* * * LOW HITPOINT WARNING * * *
The ice devil hits you!
* * * LOW HITPOINT WARNING * * *
The ice devil freezes you. You resist.
You die...

#.. ########### #..
##...#...#.#... #...
#.#..#..#...#.. #...
#..#.#.#.....#.
#...####...###.......#
#.....................
#...3........#...#...#
#..@@........#..#..#.
#..4.°........#.#.#..
#....######[...###...
#....# ###### ####
#....+ #....# #$...#
#....# #....


You could see Frances (very poisoned, drained), an ice devil (summoned) and a
sixfirhy (summoned).

Vanquished Creatures
  Josephine (D:11)
  A hydra (D:11)
  A boulder beetle (D:13)
  A two-headed ogre (D:11)
  Pikel (D:6)
  An orc knight (D:11)
  2 ugly things
  2 komodo dragons
  A troll (D:10)
  A hornet (D:11)
  2 wyverns
  4 wraiths (D:11)
  Grum (D:8)
  An acid dragon (D:12)
  2 sky beasts
  8 orc warriors
  2 ice beasts
  A black bear (D:6)
  2 ogres
  2 wolves (D:8)
  10 centaurs
  4 phantoms
  A lemure (D:6)
  A kobold brigand (D:7)
  7 bullfrogs
  A wyvern zombie (D:12)
  A water moccasin zombie (D:5)
  5 scorpions
  10 killer bees
  5 wights (D:10)
  A centaur zombie (D:11)
  4 bullfrog zombies
  3 jellies
  A centaur skeleton (D:6)
  7 orc priests
  A gnoll shaman (D:8)
  5 hounds
  Crazy Yiuf (D:2)
  2 bullfrog skeletons
  4 iguanas
  24 orc wizards
  7 worker ants
  A killer bee zombie (D:5)
  2 hound skeletons
  A howler monkey zombie (D:5)
  19 gnolls
  A worker ant zombie (D:5)
  8 adders
  A shadow imp (D:6)
  3 white imps
  3 ufetubi
  An adder zombie (D:8)
  6 worms
  4 dart slugs
  4 leopard geckos
  56 orcs
  A ball python (D:7)
  4 giant cockroaches
  4 goblins
  6 hobgoblins
  5 jackals
  2 quokkas
  8 bats
  6 frilled lizards
  A giant cockroach zombie (D:5)
  2 jackal zombies (D:5)
  11 kobolds
  A leopard gecko skeleton (D:4)
  A leopard gecko zombie (D:8)
  7 rats
311 creatures vanquished.

Vanquished Creatures (others)
  An ufetubus (D:5)
  23 plants (D:11)
24 creatures vanquished.

Grand Total: 335 creatures vanquished

Notes
Turn   | Place    | Note
-------+----------+-------------------------------------------
     0 | D:1      | Allula97 the Demonspawn Gladiator began the quest for the
                  | Orb.
     0 | D:1      | Reached XP level 1. HP: 16/16 MP: 1/1
    92 | D:1      | Gained mutation: You are partially covered in razor-sharp
                  | scales. (AC +1, Slay +1) [demonic ancestry]
    92 | D:1      | Reached XP level 2. HP: 22/22 MP: 2/2
   306 | D:1      | Reached skill level 3 in Staves
   611 | D:2      | Reached XP level 3. HP: 27/27 MP: 3/3
   787 | D:2      | Found a sparkling altar of Nemelex Xobeh.
   890 | D:2      | Found a runed translucent door.
   891 | D:2      | Noticed Crazy Yiuf
   899 | D:2      | Killed Crazy Yiuf
   900 | D:2      | Reached skill level 1 in Armour
   900 | D:2      | Gained mutation: Your demonic aura sometimes causes spilled
                  | blood to erupt in flames [demonic ancestry]
   900 | D:2      | Reached XP level 4. HP: 34/34 MP: 3/5
  1003 | D:2      | Found a blossoming altar of Fedhas.
  1449 | D:3      | Reached skill level 1 in Stealth
  1527 | D:3      | Reached skill level 1 in Spellcasting
  1669 | D:3      | Found a burning altar of Makhleb.
  1836 | D:3      | Reached XP level 5. HP: 36/39 MP: 6/6
  1881 | D:3      | Reached skill level 4 in Staves
  2415 | D:4      | Found a shimmering blue altar of Sif Muna.
  2507 | D:4      | Noticed an ogre
  2513 | D:4      | Killed an ogre
  2514 | D:4      | Gained mutation: You have a pair of small horns on your
                  | head. [demonic ancestry]
  2514 | D:4      | Reached XP level 6. HP: 47/47 MP: 6/8
  2571 | D:4      | Found a staircase to the Ecumenical Temple.
  2581 | Temple   | Entered the Ecumenical Temple
  2590 | Temple   | Became a worshipper of Warmaster Okawaru
  2653 | D:4      | Reached skill level 5 in Staves
  2744 | D:4      | Gained mutation: You regenerate a little health from kills.
                  | [demonic ancestry]
  2744 | D:4      | Reached XP level 7. HP: 52/52 MP: 9/9
  2755 | D:4      | Reached * piety under Okawaru
  2900 | D:4      | Reached skill level 1 in Invocations
  3255 | D:5      | Entered Level 5 of the Dungeon
  3299 | D:5      | Reached skill level 6 in Staves
  3351 | D:5      | Reached XP level 8. HP: 33/60 MP: 7/10
  3402 | D:5      | Found Ilaoh's Armour Boutique.
  3417 | D:5      | Found an opulent altar of Gozag.
  3428 | D:5      | Reached ** piety under Okawaru
  3510 | D:5      | Found a basalt altar of Yredelemnul.
  3810 | D:5      | Found a shimmering altar of Xom.
  3824 | D:5      | Reached skill level 7 in Staves
  4120 | D:5      | Bought a +1 chain mail of fire resistance for 214 gold
                  | pieces
  4466 | D:6      | Noticed a two-headed ogre
  4518 | D:6      | Reached *** piety under Okawaru
  4519 | D:6      | Reached XP level 9. HP: 61/66 MP: 11/11
  4701 | D:6      | Noticed Pikel
  4708 | D:6      | Killed Pikel
  4708 | D:6      | Reached **** piety under Okawaru
  4709 | D:6      | Reached skill level 8 in Staves
  5167 | D:7      | Reached skill level 5 in Fighting
  5385 | D:7      | Found a bloodstained altar of Trog.
  5449 | D:7      | Found a shadowy altar of Dithmenos.
  5528 | D:7      | Found a snail-covered altar of Cheibriados.
  5965 | D:8      | Reached skill level 1 in Short Blades
  6169 | D:8      | Noticed Grum
  6191 | D:8      | Killed Grum
  6192 | D:8      | Reached skill level 9 in Staves
  6287 | D:8      | Found a shimmering blue altar of Sif Muna.
  6461 | D:8      | Gained mutation: You are mostly covered in razor-sharp
                  | scales. (AC +2, Slay +2) [demonic ancestry]
  6461 | D:8      | Reached XP level 10. HP: 74/74 MP: 13/13
  6755 | D:9      | Found a burning altar of Makhleb.
  6976 | D:9      | Reached skill level 5 in Armour
  7618 | D:10     | Entered Level 10 of the Dungeon
  7632 | D:10     | Reached skill level 5 in Dodging
  7663 | D:10     | Noticed a white ugly thing
  7670 | D:10     | Killed a white ugly thing
  7708 | D:10     | Reached skill level 5 in Invocations
  7722 | D:10     | Reached ***** piety under Okawaru
  7773 | D:10     | You fall into a shaft and drop 2 floors!
  7778 | D:12     | Noticed a purple ugly thing
  7793 | D:12     | Killed a purple ugly thing
  7824 | D:11     | Paralysed by a hornet for 1 turns
  7830 | D:11     | Noticed a two-headed ogre
  7838 | D:11     | Killed a two-headed ogre
  7839 | D:11     | Reached skill level 10 in Staves
  7943 | D:11     | Found a staircase to the Orcish Mines.
  7943 | D:11     | Noticed an orc knight
  7959 | D:11     | Killed an orc knight
  7982 | D:11     | Reached XP level 11. HP: 52/83 MP: 10/15
  8128 | D:11     | Found a staircase to the Lair.
  8516 | D:10     | Reached skill level 5 in Stealth
  8592 | D:10     | Noticed a two-headed ogre
  8598 | D:10     | Banished a two-headed ogre
  8687 | D:10     | Identified a scroll of acquirement
  8687 | D:10     | Acquired the ring of Udorum {rF- rC++ rN+ Dex+6 Stlth+}
  8796 | D:11     | Noticed Josephine
  8818 | D:11     | Killed Josephine
  8913 | D:11     | Found Oruitoes's Antique Armour Boutique.
  8916 | D:11     | Noticed a seven-headed hydra
  8924 | D:11     | Identified the +5 bardiche of the Dragonfly {antimagic, rN+
                  | Int+5} (Okawaru gifted it to you on level 11 of the
                  | Dungeon)
  8924 | D:11     | Received a gift from Okawaru
  8935 | D:11     | Reached skill level 11 in Staves
  8941 | D:11     | Killed a seven-headed hydra
  9025 | D:11     | You fall into a shaft and drop 2 floors!
  9062 | D:13     | Noticed a boulder beetle
  9077 | D:13     | Killed a boulder beetle
  9123 | D:13     | Noticed Frances
  9130 | D:13     | Noticed a sixfirhy
  9139 | D:13     | Slain by an ice devil

Illustrated notes

Levels and vault maps discovered:
D:1:      mushboom_english_gardens, layout_rooms
D:2:      layout_basic, nemelex_xobeh_ov_fountains_minmay,
          fedhas_altar_fruit_tree, uniq_crazy_yiuf_cottage
D:3:      layout_basic, makhleb_heckhound_becter
D:4:      layout_basic, nicolae_sif_muna_little_library,
          minmay_temple_entry_slanted, minmay_a_box_with_orc_wizards_in_it
D:5:      layout_loops_ring, nicolae_gozag_cash_rules_everything_around_me,
          nicolae_yredelemnul_corpse_copse, lemuel_round_altar,
          xom_confusion_cloud, serial_shops, shop, minmay_checkerbox
D:6:      layout_gridville, serial_co_window_serial, co_window_of_opportunity_a,
          co_window_corner_a, co_window_paths_b, co_window_of_opportunity_a,
          co_window_corner_a, co_window_corner_a, co_window_2corner,
          co_window_paths_c, co_window_unsneaky_path_d, co_window_corner_b,
          co_window_unsneaky_path_c, co_window_of_opportunity_b,
          co_window_broadway_c, glass_columns_a, glass_columns_c,
          glass_columns_a, glass_columns_c, glass_columns_b, uniq_pikel
D:7:      layout_basic, kennysheep_mini, grunt_dithmenos_smoke_and_mirrors,
          lemuel_crystal_altar, minmay_manual_monstrance
D:8:      kennysheep_orc_sif_temple, layout_cave_pods,
          chequers_serial_rivers_marsh, uniq_grum
D:9:      layout_roguey, nicolae_overflow_crystal_walls, minivault_25,
          chequers_serial_rivers_large_a
D:10:     layout_roguey
D:11:     layout_irregular_city, david_lair_shrubbed, david_orc_5, serial_shops,
          shop, lemuel_tele_altar, uniq_josephine
D:12:     layout_roguey, minmay_hollow_rounded_squares
D:13:     layout_irregular_city, hangedman_decor_diamond_cutter, hex_tiny,
          kennysheep_path_1, uniq_frances
Temple:   nicolae_temple_no_exploring_needed

Skill      XL: |  1  2  3  4  5  6  7  8  9 10 11 |
---------------+----------------------------------+-----
Dodging        | 3 4 5 6 |  6.0
Staves         | 3 4 5 6 7 9 10 11 | 11.2
Armour         | 1 2 3 4 5 6 |  6.6
Stealth        | 1 2 3 4 5 |  5.6
Spellcasting   | 1 |  1.6
Fighting       | 3 4 5 6 7 |  7.5
Invocations    | 1 3 4 5 6 |  6.8
Short Blades   | 1 3 4 |  4.9
Throwing       | |  1.7
Evocations     | |  0.2

Action                   |  1- 3 |  4- 6 |  7- 9 | 10-12 || total
-------------------------+-------+-------+-------+-------++-------
Melee: Quarterstaff      |   107 |   100 |   300 |   314 ||   821
       Headbutt          |       |     7 |    54 |    78 ||   139
Throw: Throwing net      |       |     2 |     1 |     2 ||     5
Invok: Heroism           |       |       |     3 |     4 ||     7
       Finesse           |       |       |       |     2 ||     2
Evoke: Wand              |       |       |     3 |     1 ||     4
       Condenser vane    |       |       |       |     1 ||     1
  Use: Scroll            |       |       |    17 |     5 ||    22
       Potion            |       |       |       |     4 ||     4
 Stab: Petrified         |       |     1 |       |       ||     1
       Paralysed         |       |       |     3 |     5 ||     8
       Petrifying        |       |       |       |     2 ||     2
       Held in net/web   |       |       |       |     2 ||     2
       Sleeping          |       |       |       |     1 ||     1
Armor: Ring mail         |    54 |     6 |       |       ||    60
       Chain mail        |       |    38 |   155 |   168 ||   361
Dodge: Dodged            |    63 |    44 |   211 |   163 ||   481

Table legend: (Time is in decaauts)
 A = Elapsed time spent in this place.
 B = Non-inter-level travel time spent in this place.
 C = Inter-level travel time spent in this place.
 D = Time resting spent in this place.
 E = Time spent auto-exploring this place.
 F = Levels seen in this place.
 G = Mean time per level.
                   A        B        C        D        E       F      G
               +--------+--------+--------+--------+--------+-----+--------+
         Total |   9101 |   8619 |    482 |     47 |   6131 |  14 |  650.1 |
       Dungeon |   9082 |   8608 |    474 |     47 |   6131 |  13 |  698.6 |
        Temple |     18 |     10 |      8 |      0 |      0 |   1 |   18.0 |
               +--------+--------+--------+--------+--------+-----+--------+

Top non-repeatable levels by time:
     D:8: 1035 daAuts
     D:5: 934 daAuts
     D:4: 929 daAuts
     D:6: 923 daAuts
     D:3: 906 daAuts
     D:9: 897 daAuts
     D:2: 879 daAuts
    D:10: 776 daAuts
     D:7: 560 daAuts
    D:11: 552 daAuts
     D:1: 545 daAuts
    D:13: 99 daAuts
    D:12: 41 daAuts
  Temple: 18 daAuts
